 Dungeon Crawl Stone Soup version 0.28.0-53-g5a82cb258f (webtiles) character file.

Game seed: 17762159075597407101

238 Plasmagod the Ruffian (level 5, -2/76 (79) HPs)
             Began as a Troll Berserker on July 28, 2022.
             Was a Priest of Trog.
             Slain by a wight
             ... wielding a +2 mace
              (12 damage)
             ... on level 3 of the Dungeon.
             The game lasted 00:03:21 (1617 turns).

Plasmagod the Ruffian (Troll Berserker)             Turns: 1617, Time: 00:03:22

HP:   -2/76 (79)    AC:  4    Str: 25    XL:     5   Next: 78%
MP:   4/4           EV:  9    Int:  3    God:    Trog [***...]
Gold: 75            SH:  7    Dex: 11    Spells: 4/4 levels left

rFire   . . .      SeeInvis .     - Unarmed
rCold   + . .      Faith    .   f - +1 kite shield {rC+}
rNeg    . . .      Spirit   .   a - +0 animal skin
rPois   .          Reflect  .   (helmet restricted)
rElec   .          Harm     .   (no cloak)
rCorr   .          Rampage  .   (gloves unavailable)
Will    .....                   (boots unavailable)
Stlth   ..........              (no amulet)
HPRegen 1.02/turn               (no ring)
MPRegen 0.09/turn               (no ring)

@: berserking, lightly drained, very quick
A: large, unfitting armour, claws 3, regeneration 1, shaggy fur 1, tough skin 1
a: Renounce Religion, Berserk, Trog's Hand


You were on level 3 of the Dungeon.
You worshipped Trog.
Trog was most pleased with you.
You visited 1 branch of the dungeon, and saw 3 of its levels.

You collected 75 gold pieces.

Inventory:

Armour
 a - a +0 animal skin (worn)
 f - a +1 kite shield of cold resistance (worn)
Scrolls
 b - a scroll of immolation {unknown}
 c - a scroll of enchant armour {unknown}
 d - 2 scrolls of teleportation {unknown}
Potions
 e - a potion of brilliance {unknown}
 g - a potion of attraction {unknown}


   Skills:
 + Level 3.0 Fighting
 + Level 3.3 Dodging
 + Level 0.1 Stealth
 + Level 0.1 Shields
 + Level 5.4 Unarmed Combat


You had 4 spell levels left.
You didn't know any spells.
Your spell library was empty.

Dungeon Overview and Level Annotations

Branches:
Dungeon (3/15)

Altars:
Nemelex Xobeh


Innate Abilities, Weirdness & Mutations

You are too large for most types of armour.
You have claws for hands.
Your natural rate of healing is unusually fast.
You are covered in fur. (AC +1)
You have tough skin. (AC +1)


Message History

Trog accepts your kill. You block the goblin's attack.
Robin throws the goblin at you! The goblin hits you with a +0 dagger.
You block the goblin's attack. The hobgoblin hits you.
A red film seems to cover your vision as you go berserk!
You feel yourself moving faster!
You feel mighty! You block the goblin's attack. You block the wight's attack.
The goblin hits you with a +0 dagger. x2
The hobgoblin hits you but does no damage.
You claw Robin!
Robin is severely wounded.
You block the goblin's attack. Robin throws the goblin at you!
The wight closely misses you. You block the goblin's attack.
The goblin hits you but does no damage. The hobgoblin hits you.
You mangle Robin!!
You kill Robin!
Trog accepts your kill. You block the goblin's attack.
The wight hits you from afar with a +0 trident!
You completely miss the wight. The goblin closely misses you.
The goblin barely misses you. You block the wight's attack.
The hobgoblin closely misses you.
You barely miss the wight. The goblin hits you with a +0 dagger.
The wight hits you with a +2 mace!
You feel drained.
The wight hits you from afar with a +0 trident!
* * * LOW HITPOINT WARNING * * *
The goblin hits you with a +0 dagger.
* * * LOW HITPOINT WARNING * * *
The goblin hits you with a +0 dagger.
* * * LOW HITPOINT WARNING * * *
The wight barely misses you.
You are too injured to fight recklessly!
You are too injured to fight recklessly!
You are too injured to fight recklessly!
You are too injured to fight recklessly!
You are too injured to fight recklessly!
You are too injured to fight recklessly!
You are too berserk!
The wight hits you with a +2 mace!
You die...

+...................#.#
#...................#
....................#
..##...........#
#...........#
######'####### .... #.#
... ..)..#.##.#
.......g@).#
......gggz.#
......zzz.g#
..............
......#+#..#..# ......
.##..# ...... .. .#
.... .. # ... ...


You could see 4 wights, a hobgoblin (strong) and 4 goblins.

Vanquished Creatures
  A wight (D:3)
  Natasha (thrice) (D:2)
  Robin (D:3)
  4 adders (D:2)
  A worm (D:2)
  5 dart slugs
  5 bats
  5 endoplasms
  A giant cockroach (D:2)
  5 goblins
  5 hobgoblins
  7 jackals (D:1)
  3 quokkas
  6 ball pythons
  8 frilled lizards
  2 kobolds
  9 rats
71 creatures vanquished.

Vanquished Creatures (others)
  10 plants (D:2)
10 creatures vanquished.

Grand Total: 81 creatures vanquished

Notes
Turn   | Place    | Note
-------+----------+-------------------------------------------
     0 | D:1      | Plasmagod the Troll Berserker began the quest for the Orb.
     0 | D:1      | Reached XP level 1. HP: 22/22 MP: 0/0
   136 | D:1      | Reached XP level 2. HP: 25/29 MP: 1/1
   423 | D:1      | Reached XP level 3. HP: 36/36 MP: 2/2
   432 | D:1      | Reached ** piety under Trog
   886 | D:2      | Reached skill level 4 in Unarmed Combat
   896 | D:2      | Reached XP level 4. HP: 44/44 MP: 3/3
  1022 | D:2      | Found a sparkling altar of Nemelex Xobeh.
  1224 | D:2      | Found a faded altar of an unknown god.
  1253 | D:2      | Noticed Natasha
  1261 | D:2      | Killed Natasha
  1358 | D:2      | Noticed Natasha
  1366 | D:2      | Killed Natasha
  1366 | D:2      | Reached *** piety under Trog
  1367 | D:2      | Reached XP level 5. HP: 49/53 MP: 4/4
  1421 | D:2      | Noticed Natasha
  1426 | D:2      | Killed Natasha
  1500 | D:3      | Reached skill level 5 in Unarmed Combat
  1600 | D:3      | Noticed Robin
  1614 | D:3      | Killed Robin
  1617 | D:3      | Slain by a wight

Illustrated notes

Levels and vault maps discovered:
D:1:      dpeg_arrival_castle, layout_loops_ring
D:2:      layout_basic, basic_altar, shapermc_ecumenical_altar_acropolis,
          serial_bayou_lagoon_b, uniq_natasha
D:3:      layout_basic, minmay_pentangle, uniq_robin

Skill      XL: |  1  2  3  4  5 |
---------------+----------------+-----
Dodging        | 3 |  3.3
Unarmed Combat | 4 5 |  5.4
Fighting       | 3 |  3.0
Stealth        | |  0.1
Shields        | |  0.1

Action                   |  1- 3 |  4- 6 || total
-------------------------+-------+-------++-------
Melee: Unarmed           |   110 |    63 ||   173
       Punch             |     1 |       ||     1
Invok: Berserk           |       |     1 ||     1
Armor: Animal skin       |    36 |    19 ||    55
Dodge: Dodged            |    55 |    28 ||    83
Block: Kite shield       |       |    19 ||    19
